AoeStats
← Tsoudbrah

Fortress

509306864Analyzed
3v3 RM · 7d ago on Sep 26, 2026· 30m 9s· 6 players
Game mode
Random Map
Map size
Large (8 player)
Population
200
Speed
Normal
Resources
Standard
Victory
Conquest
Starting age
Dark Age
Ending age
Imperial Age
RankedLock teamsTeams togetherTeam positionsShared explorationLock speedFull tech treeHidden civsTurbo modeCheats
Victory
Defeat
🇺🇸 Japanese · United States
1331
+15
🇪🇸 Cumans · Spain
1248
+18
🇺🇸 Spanish · United States
1215
+21
🇳🇱 Danes · Netherlands
1303
-18
🇳🇿 Spanish · New Zealand
1302
-18
🇳🇿 Saxons · New Zealand
1301
-18
Dan
7:35 Feudal Age
11:41 Castle Age
9:29 Horse Collar
9:35 Double-Bit Axe
10:31 Loom
13:18 Wheelbarrow
12:45 Gold Mining
14:33 Squires
16:15 Scale Mail Armor
16:18 Arson
19:05 Forging
19:50 Chain Mail Armor
21:19 Iron Casting
22:36 Hand Cart
22:32 Stone Mining
31:08 Imperial Age
BMXbandit
7:30 Feudal Age
7:18 Loom
11:11 Castle Age
9:05 Double-Bit Axe
9:59 Gold Mining
11:10 Horse Collar
12:52 Bow Saw
Señor Cocodrilo
6:25 Loom
8:21 Feudal Age
12:06 Castle Age
10:14 Double-Bit Axe
10:28 Horse Collar
14:04 Gold Mining
16:25 Bow Saw
16:22 Scale Mail Armor
16:28 Squires
17:34 Chain Mail Armor
17:23 Heavy Plow
19:11 Forging
25:10 Iron Casting
Tsoudbrah
7:03 Feudal Age
6:48 Loom
11:16 Castle Age
9:23 Scale Mail Armor
9:14 Double-Bit Axe
9:13 Horse Collar
10:18 Gold Mining
13:20 Squires
25:06 Wheelbarrow
26:23 Scale Mail Armor
28:25 Chain Mail Armor
30:41 Forging
海豚漫步
8:03 Feudal Age
10:05 Loom
12:26 Castle Age
10:20 Double-Bit Axe
11:03 Horse Collar
11:17 Fletching
11:32 Scale Barding Armor
11:36 Gold Mining
18:43 Bloodlines
19:29 Husbandry
21:34 Bodkin Arrow
24:38 Chain Barding Armor
25:22 Forging
27:00 Ballistics
28:58 Padded Archer Armor
30:31 Wheelbarrow
CARANZA
6:47 Feudal Age
7:19 Double-Bit Axe
7:18 Horse Collar
9:05 Loom
10:12 Wheelbarrow
12:25 Gold Mining
17:14 Castle Age
15:20 Fletching
16:06 Padded Archer Armor
16:56 Stone Mining
17:21 Bloodlines
18:17 Bodkin Arrow
18:39 Leather Archer Armor
Connection lost

Rejoining the realm…

Still unreachable

The connection could not be restored.

Session expired

The server has moved on; the page needs a fresh start.